 Dungeon Crawl Stone Soup version 0.24.0-13-gcf9b319 (webtiles) character file.

Game seed: 14975341565953009687, levelgen mode: deterministic

42601 Arex the Fighter (level 13, 0/119 HPs)
             Began as a Purple Draconian Transmuter on Jan 10, 2020.
             Was a High Priest of Ru.
             Shot with a bolt by an orc warrior (27 damage)
             ... on level 2 of the Orcish Mines on Jan 11, 2020.
             The game lasted 01:00:08 (25884 turns).

Arex the Fighter (Purple Draconian Transmuter)     Turns: 25884, Time: 01:00:08

Health: 0/119      AC: 15    Str: 12    XL:     13   Next: 86%
Magic:  20/20      EV: 18    Int: 21    God:    Ru [*****.]
Gold:   1151       SH:  0    Dex: 13    Spells: 5/22 levels left

rFire    + + .     SeeInvis .     - Unarmed
rCold    . . .     Gourm    .   (shield currently unavailable)
rNeg     . . .     Faith    .   (armour unavailable)
rPois    +         Spirit   .   u - +1 hat {Int+3}
rElec    .         Reflect  .   w - +2 cloak
rCorr    .         Harm     .   (gloves currently unavailable)
MR       +....                  o - +2 pair of boots
Stlth    ..........             F - amulet of magic regeneration
HPRegen  0.29/turn              f - ring of wizardry
MPRegen  0.42/turn              L - ring of Circularity {rPois rF++ Stlth+}

@: blade hands
A: breathe power, unfitting armour, cold-blooded, no stealth, inability to use
devices, hated by all, inexperienced 1, AC +8
a: Breathe Dispelling Energy, End Transformation, Draw Out Power, Power Leap,
Apocalypse, Renounce Religion


You were on level 2 of the Orcish Mines.
You worshipped Ru.
Ru was extremely pleased with you.
You were not hungry.
You had blades for hands.
You visited 3 branches of the dungeon, and saw 19 of its levels.
You also visited: Gauntlet.

You collected 1271 gold pieces.
You spent 120 gold pieces at shops.

Inventory:

Missiles
 a - 303 arrows
 J - 13 silver javelins (quivered)
 T - 3 throwing nets
Armour
 n - the +0 pair of fencer's gloves {Riposte Dex+3}
   (You found it in a Gauntlet)

   It affects your dexterity (+3).
 o - a +2 pair of boots (worn)
 u - a +1 hat of intelligence (worn)
 w - a +2 cloak (worn)
 A - a +1 pair of gloves (melded)
Jewellery
 f - a ring of wizardry (left scythe-like blade)
 h - a +5 ring of strength
 p - an uncursed ring of positive energy
 C - an uncursed ring of resist corrosion
 F - an amulet of magic regeneration (around neck)
 L - the ring of Circularity (right scythe-like blade) {rPois rF++ Stlth+}
   (You found it in a Gauntlet)

   [ring of poison resistance]

   It greatly protects you from fire.
   It protects you from poison.
   It makes you more stealthy.
 M - an uncursed amulet of guardian spirit {unknown}
 N - an uncursed ring of see invisible {unknown}
 O - an uncursed ring of protection from fire {unknown}
 Q - a cursed ring of teleportation {unknown}
 S - a cursed amulet of inaccuracy {unknown}
Scrolls
 g - 3 scrolls of teleportation
 i - 2 scrolls of fear {unknown}
 l - 2 scrolls of enchant weapon
 s - 10 scrolls of remove curse
 t - 4 scrolls of immolation
 x - 2 scrolls of fog
 y - 2 scrolls of blinking
 E - a scroll of amnesia
 G - 2 scrolls of vulnerability {unknown}
 H - a scroll of torment {unknown}
 I - 2 scrolls of silence {unknown}
 R - a scroll of magic mapping
Potions
 b - 4 potions of cancellation
 d - a potion of agility {unknown}
 e - 4 potions of flight
 j - 2 potions of brilliance {unknown}
 k - 5 potions of mutation {unknown}
 m - 4 potions of heal wounds
 q - a potion of resistance
 r - 4 potions of lignification {unknown}
 v - a potion of berserk rage {unknown}
 z - 8 potions of curing
 B - 3 potions of might {unknown}
 D - 2 potions of magic {unknown}
 K - a potion of haste {unknown}
 U - a potion of degeneration {unknown}
Comestibles
 c - 19 rations
 P - 11 chunks of flesh


   Skills:
 + Level 12.4 Fighting
 + Level 10.8 Dodging
 + Level 11.8 Unarmed Combat
 - Level 5.0 Spellcasting
 - Level 3.7 Hexes
 + Level 4.7 Necromancy
 - Level 5.0 Translocations
 - Level 11.0 Transmutations
 - Level 3.0 Ice Magic


You had 5 spell levels left.
You knew the following spells:

 Your Spells              Type           Power        Failure   Level  Hunger
b - Spider Form           Tmut/Pois      ####......   11%         3    ##.....
c - Confusing Touch       Hex            ###...       9%          1    None
d - Ice Form              Ice/Tmut       ####....     16%         4    ####...
e - Blade Hands           Tmut           ######....   11%         5    #####..
f - Apportation           Tloc           ####..       7%          1    None
g - Regeneration          Chrm/Necr      ###.......   22%         3    ##.....

Your spell library contained the following spells:

 Spells                   Type           Power        Failure   Level  Hunger
 Beastly Appendage        Tmut           ######       3%          1    None
 Pain                     Necr           ####         8%          1    None
 Corona                   Hex            ###....      9%          1    None
 Ensorcelled Hibernation  Hex/Ice        ###...       12%         2    None
 Vampiric Draining        Necr           ####......   13%         3    ##.....
 Shroud of Golubria       Chrm/Tloc      ###...       16%         2    None
 Confuse                  Hex            ###.....     16%         3    ##.....
 Tukima's Dance           Hex            ###.....     16%         3    ##.....
 Infusion                 Chrm           #...         21%         1    None
 Magic Dart               Conj           #...         21%         1    None
 Sting                    Conj/Pois      #...         21%         1    None
 Poisonous Vapours        Pois/Air       #.....       26%         2    None
 Searing Ray              Conj           #.....       26%         2    None
 Song of Slaying          Chrm           #.......     26%         2    None
 Dazzling Spray           Conj/Hex       ##....       26%         3    ##.....
 Spectral Weapon          Hex/Chrm       ##......     26%         3    ##.....
 Mephitic Cloud           Conj/Pois/Air  #.......     41%         3    ##.....
 Force Lance              Conj/Tloc      ###.....     45%         4    ####...
 Fulminant Prism          Conj/Hex       ##........   52%         4    ####...
 Iskenderun's Mystic Bla  Conj           #.......     71%         4    ####...
 Olgreb's Toxic Radiance  Pois           #.......     71%         4    ####...
 Borgnjor's Vile Clutch   Necr/Erth      ###.......   73%         5    #####..
 Silence                  Hex/Air        ##........   77%         5    #####..
 Venom Bolt               Conj/Pois      #.........   92%         5    #####..
 Darkness                 Hex            ###.......   95%         6    #######
 Sticks to Snakes         Tmut           Unusable     N/A         2    N/A
 Animate Skeleton         Necr           Unusable     N/A         1    N/A
 Summon Butterflies       Summ           Unusable     N/A         1    N/A
 Summon Small Mammal      Summ           Unusable     N/A         1    N/A
 Recall                   Summ/Tloc      Unusable     N/A         3    N/A
 Animate Dead             Necr           Unusable     N/A         4    N/A
 Call Canine Familiar     Summ           Unusable     N/A         3    N/A
 Summon Ice Beast         Ice/Summ       Unusable     N/A         4    N/A
 Summon Mana Viper        Hex/Summ       Unusable     N/A         5    N/A
 Death Channel            Necr           Unusable     N/A         6    N/A
 Simulacrum               Ice/Necr       Unusable     N/A         6    N/A
 Shadow Creatures         Summ           Unusable     N/A         6    N/A
 Summon Hydra             Summ           Unusable     N/A         7    N/A

Dungeon Overview and Level Annotations

Branches:
Dungeon (11/15)            Temple (0/1) D:6            Lair (6/6) D:8
 Shoals (0/4) Lair:3        Snake (0/4) Lair:2        Slime (0/5) Lair:6
    Orc (2/2) D:11            Elf (0/3) Orc:2       Gauntlet (visited)

Altars:
Elyvilon
Fedhas
Hepliaklqana
Kikubaaqudgha
Nemelex Xobeh
Ru
Sif Muna
Uskayaw
Yredelemnul

Shops:
D:10 %

Annotations:
D:8 2 transporters
Lair:2 Rupert
Lair:5 exclusion: 3 oklob plants


Innate Abilities, Weirdness & Mutations

You can breathe bolts of dispelling energy.
Your rich purple scales are hard. (AC +8)
You cannot fit into any form of body armour.
You are cold-blooded and may be slowed by cold attacks.
You cannot be stealthy.
You cannot study or use magical devices.
You are hated by all.
You are somewhat inexperienced. (-2 XL)


Message History

The orc warrior is lightly wounded.
The warg barely misses you.
The helpless orc warrior fails to defend itself.
You slice the orc warrior!!
You kill the orc warrior!
The warg bites you.
* * * LOW HITPOINT WARNING * * *
You focus your will and illuminate the warg in retribution!
You shred the warg!!!
You kill the warg!
U - a fuming golden potion
Things that are here:
a +0 quarterstaff of crushing; a +2 robe of magic resistance There isn't anything to butcher here.
An orc warrior comes into view. It is wielding a +0 broad axe.
The orc warrior shouts!
The orc warrior unwields a +0 broad axe.
The orc warrior wields a cursed -2 arbalest.
The orc warrior shoots a bolt.
The bolt hits you!!
You die...

###.........#####(
#.......#.# #...
###....#### ####
#........# *#.
###....o...### #..
#............####.
#.............# ##
####............## *
#.).@...##.##....#***
###<)..รท..#.#....#,**
####............#**
#.............## *
##..#........## *
####.)....### *
#<#...#.#* *
#[.......# *
###..##.## *


You could see an orc warrior.

Vanquished Creatures
  Jorgrun (Orc:2)
  Gastronok (Lair:3)
  An orc warlord (Orc:1)
  A minotaur (Gauntlet)
  Josephine (D:10)
  3 hydras
  Harold (Orc:1)
  2 two-headed ogres
  Erica (Lair:1)
  4 death yaks
  Sonja (Lair:3)
  Nergalle (D:10)
  A fire crab (Gauntlet)
  A necromancer (Gauntlet)
  A cyclops (D:11)
  2 black mambas
  6 spiny frogs
  2 rime drakes
  A torpor snail (Lair:6)
  6 komodo dragons
  A merfolk (D:11)
  7 polar bears
  8 hornets
  9 hippogriffs
  Prince Ribbit (D:5)
  A blink frog (Lair:5)
  4 dream sheep (Lair:6)
  3 wraiths (D:10)
  10 spriggans (Lair:6)
  2 wyverns
  3 fire bats (Gauntlet)
  12 yaks
  A steam dragon (D:7)
  A basilisk (Lair:1)
  A chaos spawn (Gauntlet)
  6 small abominations (Gauntlet)
  A neqoxec (Gauntlet)
  5 wargs
  10 porcupines
  9 water moccasins
  7 orc warriors
  An ice beast (D:9)
  6 black bears
  A phantom (D:9)
  25 wolves
  2 sky beasts
  A necrophage (D:7)
  4 boggarts (Lair:6)
  13 crocodiles
  6 ogres
  9 centaurs
  10 bullfrogs
  Blork the orc (D:4)
  A wyvern skeleton (D:10)
  5 scorpions
  5 killer bees (D:9)
  2 howler monkeys (D:7)
  3 crimson imps
  2 bullfrog zombies
  2 quasits
  5 orc priests
  17 jellies
  Crazy Yiuf (D:3)
  A hound (D:3)
  An iguana (D:4)
  Jessica (D:3)
  2 bullfrog skeletons (D:8)
  2 centaur skeletons
  7 orc wizards
  Natasha (thrice) (D:3)
  2 hell rats (Lair:2)
  9 worker ants
  2 killer bee zombies
  2 hound zombies
  2 hound skeletons
  A worker ant zombie (D:6)
  A howler monkey zombie (D:8)
  8 river rats (Lair:2)
  14 adders
  4 gnolls
  A shadow imp (D:10)
  3 oozes
  An adder skeleton (D:4)
  3 worms
  3 dart slugs
  8 leopard geckos
  34 orcs
  5 giant cockroaches
  4 goblins
  8 hobgoblins
  8 quokkas
  11 bats
  2 frilled lizards
  7 kobolds
  6 rats
  A bush (Lair:6)
  A plant (Lair:3)
430 creatures vanquished.

Vanquished Creatures (collateral kills)
  An ice beast (D:5)
  An adder (D:4)
  A goblin (D:2)
3 creatures vanquished.

Vanquished Creatures (others)
  Erolcha (Orc:1)
  A spiny frog (Lair:2)
  A wraith (D:10)
  A yak (D:11)
  A porcupine (Lair:5)
  An orc warrior (Orc:1)
  A black bear (Lair:1)
  An ogre (D:7)
  A bullfrog (Lair:2)
  31 demonic plants (Gauntlet)
  5 fungi
  8 plants
53 creatures vanquished.

Grand Total: 486 creatures vanquished

Notes
Turn   | Place    | Note
-------+----------+-------------------------------------------
     0 | D:1      | Arex the Draconian Transmuter began the quest for the Orb.
     0 | D:1      | Reached XP level 1. HP: 16/16 MP: 3/3
   393 | D:1      | Reached XP level 2. HP: 23/23 MP: 5/5
   685 | D:1      | Reached XP level 3. HP: 24/29 MP: 4/6
  1211 | D:1      | Learned a level 3 spell: Spider Form
  1214 | D:1      | Learned a level 2 spell: Sticks to Snakes
  1486 | D:2      | Reached skill level 2 in Fighting
  1609 | D:2      | Reached XP level 4. HP: 36/36 MP: 5/7
  1971 | D:2      | Found an ancient bone altar of Kikubaaqudgha.
  1976 | D:2      | Found a sacrificial altar of Ru.
  2150 | D:2      | Became a worshipper of Ru the Awakened
  2201 | D:3      | Noticed Jessica
  2211 | D:3      | Killed Jessica
  2287 | D:3      | Reached XP level 5. HP: 37/42 MP: 5/9
  2451 | D:3      | Noticed Natasha
  2458 | D:3      | Killed Natasha
  2761 | D:3      | Noticed Natasha
  2773 | D:3      | Killed Natasha
  2967 | D:3      | Found a white marble altar of Elyvilon.
  2967 | D:3      | Found a blossoming altar of Fedhas.
  2993 | D:3      | Noticed Natasha
  3004 | D:3      | Killed Natasha
  3004 | D:3      | Reached skill level 3 in Fighting
  3107 | D:3      | Found a runed translucent door.
  3108 | D:3      | Noticed Crazy Yiuf
  3447 | D:3      | Killed Crazy Yiuf
  3447 | D:3      | Reached XP level 6. HP: 51/51 MP: 6/10
  4050 | D:4      | Gained mutation: You cannot study or use magical devices.
                  | [Ru sacrifice]
  4050 | D:4      | Reached * piety under Ru
  4050 | D:4      | Reached ** piety under Ru
  4987 | D:4      | Noticed Blork the orc
  5004 | D:4      | Killed Blork the orc
  5004 | D:4      | Your scales start taking on a rich purple colour.
  5004 | D:4      | Reached XP level 7. HP: 35/58 MP: 8/12
  5524 | D:4      | Found a sparkling altar of Nemelex Xobeh.
  5773 | D:5      | Entered Level 5 of the Dungeon
  5787 | D:5      | Reached skill level 4 in Fighting
  6062 | D:5      | Noticed Prince Ribbit
  6079 | D:5      | Killed Prince Ribbit
  6079 | D:5      | Reached skill level 5 in Unarmed Combat
  6588 | D:5      | Learned a level 4 spell: Ice Form
  6608 | D:5      | Reached XP level 8. HP: 67/67 MP: 10/13
  6691 | D:5      | Reached skill level 1 in Ice Magic
  6955 | D:6      | Reached skill level 5 in Fighting
  6955 | D:6      | Reached skill level 5 in Transmutations
  6963 | D:6      | Found a hide-covered altar of Uskayaw.
  7043 | D:6      | Gained mutation: You are somewhat inexperienced. (-2 XL)
                  | [Ru sacrifice]
  7043 | D:6      | Reached XP level 7. HP: 17/61 MP: 11/12
  7043 | D:6      | Reached XP level 6. HP: 17/56 MP: 11/11
  7043 | D:6      | Reached *** piety under Ru
  7043 | D:6      | Reached **** piety under Ru
  7307 | D:6      | Found a basalt altar of Yredelemnul.
  7692 | D:6      | Found a staircase to the Ecumenical Temple.
  7707 | D:6      | Reached XP level 7. HP: 54/61 MP: 12/12
  7762 | D:6      | Reached skill level 5 in Dodging
  8123 | D:7      | Reached skill level 6 in Fighting
  8123 | D:7      | Reached XP level 8. HP: 65/70 MP: 13/13
  8232 | D:7      | Noticed a hornet
  8237 | D:7      | Killed a hornet
  8508 | D:7      | Noticed a hippogriff
  8516 | D:7      | Killed a hippogriff
  8518 | D:7      | You fall into a shaft and drop 1 floor!
  8599 | D:8      | Reached XP level 9. HP: 44/78 MP: 14/14
  9001 | D:8      | Reached skill level 7 in Fighting
  9032 | D:8      | Found a staircase to the Lair.
  9404 | D:8      | Found a transporter.
  9422 | D:8      | Gained mutation: You are hated by all. [Ru sacrifice]
  9422 | D:8      | Reached ***** piety under Ru
  9602 | D:8      | Found a hazy altar of Hepliaklqana.
  9684 | D:8      | Found a transporter.
  9927 | D:9      | Found a shimmering blue altar of Sif Muna.
 10666 | D:10     | Entered Level 10 of the Dungeon
 10696 | D:10     | Learned a level 5 spell: Blade Hands
 10710 | D:10     | Noticed Josephine
 10721 | D:10     | Killed Josephine
 10721 | D:10     | Reached skill level 8 in Fighting
 10721 | D:10     | Reached XP level 10. HP: 87/88 MP: 11/15
 10867 | D:10     | Found Erromin's Food Emporium.
 10875 | D:10     | Bought a ration for 60 gold pieces
 10875 | D:10     | Bought a ration for 60 gold pieces
 10994 | D:10     | Noticed Nergalle
 11014 | D:10     | Killed Nergalle
 11267 | D:10     | Noticed a two-headed ogre
 11275 | D:10     | Killed a two-headed ogre
 11275 | D:10     | Reached skill level 9 in Fighting
 11472 | Lair:1   | Entered Level 1 of the Lair of Beasts
 11472 | Lair:1   | Noticed a spiny frog
 11851 | Lair:1   | Killed a spiny frog
 12027 | Lair:1   | Noticed Erica
 12042 | Lair:1   | Killed Erica
 12042 | Lair:1   | Reached XP level 11. HP: 96/97 MP: 13/17
 12339 | Lair:1   | Gained mutation: You cannot be stealthy. [Ru sacrifice]
 12753 | Lair:2   | Found a gate leading to a gauntlet.
 12762 | Gauntlet | Entered a Gauntlet
 12762 | Gauntlet | Found a transporter.
 12762 | Gauntlet | Found a transporter.
 12762 | Gauntlet | Found a transporter.
 12762 | Gauntlet | Noticed a hell hog
 12771 | Gauntlet | Found a transporter.
 12773 | Gauntlet | Found a large runed translucent door.
 12774 | Gauntlet | Found a large runed translucent door.
 12775 | Gauntlet | Found a large runed translucent door.
 12775 | Gauntlet | Found a large runed translucent door.
 12775 | Gauntlet | Found a runed translucent door.
 12775 | Gauntlet | Found a runed translucent door.
 12776 | Gauntlet | Found a large runed translucent door.
 12777 | Gauntlet | Found a large runed translucent door.
 12778 | Gauntlet | Found a large runed translucent door.
 12778 | Gauntlet | Found a large runed translucent door.
 12779 | Gauntlet | Found a runed translucent gate.
 12779 | Gauntlet | Found a runed translucent gate.
 12779 | Gauntlet | Found a runed translucent gate.
 12781 | Gauntlet | Found a transporter.
 12790 | Gauntlet | Found a large runed translucent door.
 12790 | Gauntlet | Found a large runed translucent door.
 12791 | Gauntlet | Found a large runed translucent door.
 12792 | Gauntlet | Found a large runed translucent door.
 12796 | Gauntlet | Found a transporter.
 12805 | Gauntlet | Noticed a fire crab
 12806 | Gauntlet | Found a transporter.
 12821 | Gauntlet | Found a transporter.
 12827 | Gauntlet | Found a transporter.
 12827 | Gauntlet | Noticed a necromancer
 12837 | Gauntlet | Noticed a death scarab
 12841 | Gauntlet | Found a transporter.
 12845 | Gauntlet | Noticed a death scarab
 12858 | Gauntlet | Found a transporter.
 12862 | Gauntlet | Found a transporter.
 12911 | Gauntlet | Found a large runed translucent door.
 12912 | Gauntlet | Found the +0 pair of fencer's gloves {Riposte Dex+3}
 12912 | Gauntlet | Found a large runed translucent door.
 12913 | Gauntlet | Found a large runed translucent door.
 12913 | Gauntlet | Found a large runed translucent door.
 13057 | Gauntlet | Reached skill level 5 in Spellcasting
 13072 | Gauntlet | Learned a level 1 spell: Confusing Touch
 13200 | Gauntlet | Killed a fire crab
 13200 | Gauntlet | Reached skill level 1 in Hexes
 13501 | Gauntlet | Killed a necromancer
 13519 | Gauntlet | Got a clouded brass ring
 13684 | Gauntlet | Identified the ring of Circularity {rPois rF++ Stlth+} (You
                  | found it in a Gauntlet)
 13795 | Gauntlet | Identified the +7 shortbow "Ocamegh" {venom, MR+ Str+6}
 13795 | Gauntlet | Noticed a minotaur
 13816 | Gauntlet | Killed a minotaur
 13816 | Gauntlet | Reached skill level 10 in Fighting
 14385 | Lair:2   | Found a staircase to the Snake Pit.
 14407 | Lair:2   | Noticed a five-headed hydra
 14418 | Lair:2   | Killed a five-headed hydra
 14899 | Lair:2   | Learned a level 1 spell: Apportation
 15411 | Lair:3   | Reached skill level 1 in Translocations
 15411 | Lair:3   | Reached XP level 12. HP: 47/107 MP: 14/19
 15742 | Lair:3   | Reached skill level 10 in Unarmed Combat
 15748 | Lair:3   | Noticed Gastronok
 15774 | Lair:3   | Killed Gastronok
 16274 | Lair:3   | Reached skill level 10 in Transmutations
 16784 | Lair:3   | Found a staircase to the Shoals.
 16794 | Lair:3   | Noticed Sonja
 16805 | Lair:3   | Killed Sonja
 17334 | Lair:4   | Noticed Rupert
 17610 | Lair:4   | Noticed a four-headed hydra
 17620 | Lair:4   | Killed a four-headed hydra
 18389 | Lair:4   | Reached skill level 11 in Fighting
 18434 | Lair:4   | You fall into a shaft and drop 2 floors!
 18434 | Lair:6   | Entered Level 6 of the Lair of Beasts
 18952 | Lair:5   | Noticed a six-headed hydra
 18964 | Lair:5   | Killed a six-headed hydra
 19308 | Lair:5   | Noticed a death yak
 19308 | Lair:5   | Noticed a death yak
 19308 | Lair:5   | Noticed a death yak
 19308 | Lair:5   | Noticed a death yak
 19309 | Lair:5   | Noticed a death yak
 19329 | Lair:5   | Killed a death yak
 19725 | Lair:5   | Learned a level 3 spell: Regeneration
 20467 | Lair:6   | Reached skill level 1 in Necromancy
 20474 | Lair:5   | Reached skill level 10 in Dodging
 20894 | Lair:6   | Reached XP level 13. HP: 109/116 MP: 16/20
 21071 | Lair:6   | Reached skill level 5 in Translocations
 22454 | Lair:6   | Found a staircase to the Slime Pits.
 22709 | Lair:6   | Reached skill level 12 in Fighting
 24125 | D:11     | Found a staircase to the Orcish Mines.
 24335 | Orc:1    | Entered Level 1 of the Orcish Mines
 24380 | Orc:1    | Noticed Harold
 24407 | Orc:1    | Killed Harold
 24640 | Orc:1    | Noticed Erolcha
 24646 | Orc:1    | Killed Erolcha
 24744 | Orc:2    | Entered Level 2 of the Orcish Mines
 24782 | Orc:2    | Noticed an orc warlord
 25353 | Orc:1    | Killed an orc warlord
 25863 | Orc:1    | Noticed Jorgrun
 25876 | Orc:2    | Killed Jorgrun
 25884 | Orc:2    | Shot with a bolt by an orc warrior

Levels and vault maps discovered:
D:1:      mrwooster_arrival_statue_3, layout_loops_cross, serial_bayou_pond_d
D:2:      layout_loops_ring, nicolae_ru_awakened_eye,
          nicolae_overflow_hidden_temple, hex_tiny
D:3:      layout_basic, gammafunk_temple_overflow_elements, minmay_between,
          uniq_crazy_yiuf_cottage, uniq_jessica, uniq_natasha
D:4:      layout_loops_corners, kennysheep_mini, first_ration, dk_vineyard_1,
          guppyfry_early_lair_pool, uniq_blork_the_orc
D:5:      layout_cave_pools, uniq_prince_ribbit1
D:6:      layout_cave_pools, nicolae_overflow_crystal_walls,
          eat_drink_and_be_merry_uskayaw, minmay_temple_entry_glass,
          chequers_serial_rivers_micro_b
D:7:      layout_layer_cave
D:8:      gammafunk_cloud_chamber, layout_loops_ring, lemuel_doored_altar,
          erik_lair_orcish_takeover
D:9:      layout_loops_ring, basic_altar
D:10:     layout_loops_ring, serial_shops, nicolae_shop_waterfront,
          uniq_nergalle, uniq_josephine
D:11:     layout_grid_maze, orc_0_dummy, hangedman_fish_farm
Lair:1:   layout_chaotic_city, st_stairs_3, minmay_holes, serial_bayou_pond_e,
          chequers_serial_rivers_micro_c, minivault_24,
          chequers_serial_rivers_small_a, uniq_erica
Lair:2:   layout_chaotic_city, dummy_snake_entry, gauntlet_entry_generic,
          kennysheep_rathole, grunt_megastairs_1
Lair:3:   layout_roguey, minmay_shoals_entry_centaurs, uniq_sonja,
          uniq_gastronok
Lair:4:   layout_concentric_octagons, serial_bayou_pond_a, st_stairs_13,
          serial_bayou_shore_a, infiniplex_staircase_pool_2, uniq_rupert
Lair:5:   layout_hall_layers, minmay_lair_oklob_chamber, serial_bayou_shore_b
Lair:6:   minmay_lair_end_enchanted_forest, layout_regular_city,
          minmay_slime_entry_jelly_boxes
Orc:1:    layout_caves, nicolae_orc_crystal_geode, uniq_jorgrun, uniq_erolcha,
          uniq_harold
Orc:2:    st_orc_rangers, layout_diamond_mine, uniq_maurice

Skill      XL: |  1  2  3  4  5  6  7  8  9 10 11 12 13 |
---------------+----------------------------------------+-----
Dodging        | 2 3 5 6 7 8 10 | 10.8
Fighting       | 2 3 6 5 8 9 10 11 12 | 12.4
Transmutations | 3 4 6 7 8 9 10 11 | 11.0
Spellcasting   | 3 4 5 |  5.0
Unarmed Combat | 4 6 8 9 11 | 11.8
Ice Magic      | 3 2 |  3.0
Hexes          | 3 |  3.7
Translocations | 1 4 5 |  5.0
Necromancy     | 1 4 |  4.7

Action                   |  1- 3 |  4- 6 |  7- 9 | 10-12 | 13-15 || total
-------------------------+-------+-------+-------+-------+-------++-------
Melee: Unarmed           |   121 |   371 |   443 |   601 |   358 ||  1894
       Kick              |     9 |       |       |       |       ||     9
       Tailslap          |     6 |    37 |    38 |    67 |    38 ||   186
       Punch             |     2 |     5 |     7 |    16 |    10 ||    40
       Headbutt          |       |     5 |     3 |       |       ||     8
 Cast: Beastly Appendage |    10 |     6 |     1 |     1 |       ||    18
       Spider Form       |     1 |    10 |    10 |       |       ||    21
       Sticks to Snakes  |     1 |     2 |    10 |       |       ||    13
       Ice Form          |       |       |     8 |    23 |     1 ||    32
       Blade Hands       |       |       |     1 |    25 |    25 ||    51
       Confusing Touch   |       |       |       |    10 |     9 ||    19
       Apportation       |       |       |       |     1 |       ||     1
       Regeneration      |       |       |       |       |     9 ||     9
Invok: Sacrifice Artific |       |     1 |       |       |       ||     1
       Sacrifice Experie |       |     1 |       |       |       ||     1
       Sacrifice Love    |       |       |     1 |       |       ||     1
       Power Leap        |       |       |       |     1 |     1 ||     2
       Reject Sacrifices |       |       |       |     1 |     1 ||     2
       Apocalypse        |       |       |       |     1 |       ||     1
       Sacrifice Stealth |       |       |       |     1 |       ||     1
  Use: Scroll            |       |     6 |    10 |     8 |     6 ||    30
       Potion            |       |       |       |     4 |       ||     4
 Stab: Sleeping          |       |     2 |       |       |       ||     2
       Distracted        |       |     1 |     3 |     1 |     3 ||     8
       Invisible         |       |       |     1 |     5 |     6 ||    12
       Paralysed         |       |       |       |     6 |     9 ||    15
       Confused          |       |       |       |     5 |     3 ||     8
  Eat: Chunk             |     3 |    10 |    12 |    18 |    12 ||    55
       Ration            |       |     1 |     2 |     9 |     3 ||    15
Armor: Skin              |    36 |    91 |   122 |   138 |    90 ||   477
Dodge: Dodged            |    82 |   245 |   285 |   352 |   253 ||  1217
